 Dungeon Crawl Stone Soup version 0.25.0-9-g26727b657a (webtiles) character file.

Game seed: 17229220507780277190

24 Gobbopathe the Stinger (level 3, -1/21 HPs)
             Began as an Octopode Venom Mage on June 16, 2020.
             Slain by an adder (4 damage)
             ... on level 2 of the Dungeon.
             The game lasted 00:03:05 (1358 turns).

Gobbopathe the Stinger (Octopode Venom Mage)        Turns: 1358, Time: 00:03:06

Health: -1/21      AC:  1    Str:  7    XL:     3   Next: 2%
Magic:  0/6        EV: 13    Int: 18    God:
Gold:   66         SH:  0    Dex: 12    Spells: 0/6 levels left

rFire    . . .     SeeInvis .   c - +0 mace
rCold    . . .     Gourm    .   (no shield)
rNeg     . . .     Faith    .   (helmet restricted)
rPois    .         Spirit   .   a - amulet of inaccuracy (curse)
rElec    .         Reflect  .   (no ring)
rCorr    .         Harm     .   (no ring)
MR       .....                  (no ring)
Stlth    +++.......             (no ring)
HPRegen  0.07/turn              (no ring)
MPRegen  0.10/turn              (no ring)
                                (no ring)
                                (no ring)

@: mighty, lethally poisoned (-1 -> -3), very slightly contaminated
A: almost no armour, stealthy swim, amphibious, 8 rings, constrict 8, camouflage
1, gelatinous body 1
a: no special abilities


You were on level 2 of the Dungeon.
You were not hungry.

You visited 1 branch of the dungeon, and saw 2 of its levels.

You collected 66 gold pieces.

Inventory:

Hand Weapons
 c - a +0 mace (weapon)
Jewellery
 a - a cursed amulet of inaccuracy (around mantle)
Potions
 d - a potion of brilliance
 h - a potion of lignification {unknown}
Comestibles
 b - 2 rations
 f - 3 chunks of flesh


   Skills:
 + Level 2.2 Dodging
 + Level 3.0 Stealth
 + Level 2.1 Spellcasting
 + Level 1.4 Transmutations
 * Level 4.2 Poison Magic


You couldn't memorise any spells.
You knew the following spells:

 Your Spells              Type           Power        Failure   Level  Hunger
a - Sting                 Tmut/Pois      ##..         5%          1    #......
b - Mephitic Cloud        Conj/Pois/Air  #.......     30%         3    ###....
c - Blink                 Tloc           N/A          26%         2    ###....

Your spell library contained the following spells:

 Spells                   Type           Power        Failure   Level  Hunger
 Poisonous Vapours        Pois/Air       #.....       12%         2    ###....
 Magic Dart               Conj           #...         19%         1    #......
 Call Imp                 Summ           #.......     26%         2    ###....
 Slow                     Hex            #.......     26%         2    ###....
 Ignite Poison            Fire/Tmut/Pois #.......     26%         3    ###....
 Olgreb's Toxic Radiance  Pois           ###.....     32%         4    #####..
 Conjure Flame            Conj/Fire      #.......     47%         3    ###....


Dungeon Overview and Level Annotations

Branches:
Dungeon (2/15)

Altars:


Innate Abilities, Weirdness & Mutations

You cannot wear most types of armour.
You are very stealthy in the water. (Stealth+)
You are amphibious.
You can wear up to eight rings at the same time.
You can use your tentacles to constrict eight enemies at once.
Your skin changes colour to match your surroundings (Stealth+).
Your rubbery body absorbs attacks. (AC +1, EV +1)


Message History

Aiming: Sting (safe; 5% risk of failure)
Press: ? - help, Shift-Dir - straight line, f/p - adder
Aim: an adder (moderately wounded, poisoned)
The sting misses the adder.
The adder bites you.
Huge Dmg: -24%(-5hp) hp: 43%(9hp)
Casting: Sting (safe; 5% risk of failure)
Confirm with . or Enter, or press ? or * to list all spells.
Aiming: Sting (safe; 5% risk of failure)
Press: ? - help, Shift-Dir - straight line, f/p - adder
Aim: an adder (moderately wounded, poisoned)
The sting hits the adder.
The adder looks even sicker.
The adder is heavily wounded.
You feel sick. The adder bites you.
* * * LOW HITPOINT WARNING * * *
Huge Dmg: -28%(-6hp) hp: 15%(3hp) Unknown command.
It was a potion of might.
You feel very mighty all of a sudden. The adder closely misses you.
The adder bites you.
You die...

...#####..#.........)......
..........#.#..............
##.#####..#.#..###.########
#..#.#..# #.#...# #
.#####..#.#..# #.#.#.# #
........#.#..###.#.#.####
.#####>..................
#...........#>#.####
#..@#.......#.#.####
.......S................
###.#.#.#..####.#.#.####
............ .......
###.#.#.#...#.#.#.#.##
#.#.#.#....... ... #
#.#...#.# # #.# .#.# #..#
#...


You could see an adder (very poisoned).

Vanquished Creatures
  An ooze (D:1)
  A dart slug (D:1)
  A ball python (D:1)
  3 bats (D:1)
  2 giant cockroaches (D:1)
  3 goblins (D:1)
  2 hobgoblins
  2 frilled lizards (D:1)
  A kobold (D:1)
  2 rats (D:1)
18 creatures vanquished.

Notes
Turn   | Place    | Note
-------+----------+-------------------------------------------
     0 | D:1      | Gobbopathe the Octopode Venom Mage began the quest for the
                  | Orb.
     0 | D:1      | Reached XP level 1. HP: 11/11 MP: 3/3
   224 | D:1      | Reached XP level 2. HP: 5/17 MP: 0/5
   624 | D:1      | Reached skill level 4 in Poison Magic
  1302 | D:2      | Reached XP level 3. HP: 21/21 MP: 3/6
  1307 | D:2      | Learned a level 3 spell: Mephitic Cloud
  1311 | D:2      | Learned a level 2 spell: Blink
  1358 | D:2      | Slain by an adder

Illustrated notes

Levels and vault maps discovered:
D:1:      shiori_arrival_maze, layout_loops_ring, kennysheep_small_spiral
D:2:      layout_basic, tgw_kikubaaqudgha

Skill      XL: |  1  2 |
---------------+-------+-----
Stealth        | 3 |  3.0
Poison Magic   | 4 |  4.2
Dodging        | |  2.2
Spellcasting   | |  2.1
Transmutations | |  1.4

Action                   || total
-------------------------++-------
Melee: Unarmed           ||    11
       Constrict         ||     2
       Mace              ||     7
 Cast: Sting             ||    33
  Use: Scroll            ||     1
       Potion            ||     1
 Stab: Distracted        ||     1
       Sleeping          ||     1
  Eat: Chunk             ||     2
Dodge: Dodged            ||    13
